Map: Arctic Dream LE

Players

Massa - Winner!

  • Race: Terran Terran
  • League: Platinum
  • Spawn Location: 11:00

qqq - Winner!

  • Race: Zerg Zerg
  • Spawn Location: 12:00

ElDelPLEIN

  • Race: Protoss Protoss
  • Spawn Location: 5:00

iNPlein

  • Race: Terran Terran
  • Spawn Location: 6:00

VOD

Have the link to the VOD?

Description

Time

  • Played on: Feb. 13, 2021, 7:23 a.m.
  • Length: 6:54
Show
View Real Time Build Order
Export as new Build Order

Massa Terran - Winner!

Build Orders:  

Get SALT Encoding   

  12  0:00  SCV  
  13  0:13  SCV  
  14  0:17  Supply Depot  
  14  0:25  SCV  
  15  0:39  SCV  
  15  0:41  Barracks  
  16  0:51  SCV  
  17  1:03  SCV  
  18  1:17  Barracks  
  18  1:19  Barracks  
  18  1:24  Refinery  
  18  1:28  Orbital Command  
  18  1:30  Marine  
  19  1:51  Marine  
  20  1:54  SCV  
  21  2:05  Marine  
  21  2:07  Marine  
  23  2:12  Supply Depot  
  23  2:19  Command Center  
  23  2:25  Barracks Tech Lab  
  23  2:26  Barracks Reactor  
  23  2:33  Marine  
  23  2:34  SCV  
  27  2:44  Marauder  
  27  2:51  Marine  
  28  3:02  Marine x2  
  31  3:06  Marauder  
  31  3:09  Marine  
  30  3:20  Marine  
  31  3:31  Marauder, Marine x2  
  35  3:35  Supply Depot  
  35  3:37  Marine  
  35  3:46  SCV  
  36  3:49  SCV  
  37  3:58  SCV  
  37  3:59  Marauder, Marine x2  
  42  4:25  Marauder, Marine x2  
  42  4:29  Factory  
  45  4:51  Marauder, Marine  
  45  4:52  Marine  
  49  4:54  SCV x2  
  49  4:57  Engineering Bay  
  51  5:01  Stimpack  
  51  5:11  SCV x2  
  53  5:15  Factory Tech Lab  
  53  5:19  Supply Depot  
  53  5:23  SCV  
  54  5:41  Widow Mine, SCV x2, Marauder, Marine x2  
  62  5:49  Marine  
  54  5:59  Marine  
  54  6:03  Widow Mine  
  43  6:19  Marine x4  
  43  6:24  Widow Mine  
  51  6:48  Refinery  
  51  6:50  Refinery  
  51  6:51  Missile Turret  
Show
View Real Time Build Order
Export as new Build Order

qqq Zerg - Winner!

Build Orders: Hatch First 

Get SALT Encoding   

  12  0:05  Drone  
  13  0:11  Drone  
  14  0:19  Overlord  
  14  0:45  Hatchery  
  13  0:58  Drone x3  
  16  1:36  Spawning Pool  
  16  2:07  Hatchery  
  15  2:11  Drone x3  
  18  2:22  Extractor  
  17  2:25  Spine Crawler  
  17  2:28  Zergling x2  
  17  2:34  Zergling x2  
  17  2:45  Queen  
  19  3:10  Zergling x2  
  19  3:11  Zergling x2  
  19  3:12  Drone  
  22  3:22  Drone  
  22  3:24  Zergling x2  
  24  3:36  Metabolic Boost  
  24  3:40  Zergling x2  
  25  3:41  Drone  
  25  3:42  Drone  
  27  3:53  Queen  
  19  4:20  Drone x3, Zergling x4  
  23  4:32  Zergling x6  
  23  4:37  Drone  
  27  4:54  Zergling x2, Overlord  
  28  5:11  Queen  
  30  5:15  Zergling x4  
  30  5:16  Zergling x8  
  30  5:17  Overlord  
  35  5:43  Drone, Hatchery, Zergling x2  
  35  5:49  Zergling x2  
  36  5:50  Drone  
  36  6:01  Zergling x2  
  36  6:02  Zergling x6  
  39  6:10  Zergling x2  
  39  6:11  Zergling x4  
  39  6:19  Zergling x4  
  37  6:29  Zergling x2  
Show
View Real Time Build Order
Export as new Build Order

ElDelPLEIN Protoss 

Build Orders:  

Get SALT Encoding   

  12  0:00  Probe  
  13  0:13  Pylon  
  13  0:18  Probe  
  14  0:30  Probe  
  15  0:36  Forge  
  15  0:42  Probe  
  16  0:55  Probe  
  17  1:01  Pylon  
  17  1:04  Pylon  
  17  1:20  Gateway  
  17  1:27  Photon Cannon  
  17  1:29  Pylon  
  17  1:34  Pylon  
  17  1:38  Pylon  
  17  1:51  Probe  
  18  1:58  Pylon  
  18  2:16  Probe  
  19  2:28  Probe  
  20  2:31  Pylon  
  20  2:34  Pylon  
  20  2:37  Pylon  
  20  2:50  Photon Cannon  
  20  2:51  Photon Cannon  
  20  2:52  Photon Cannon  
  20  2:53  Pylon  
  19  3:10  Assimilator  
  19  3:12  Assimilator  
  19  3:17  Pylon  
  19  3:18  Probe (Chrono Boost)  
  20  3:22  Nexus  
  21  3:27  Probe (Chrono Boost)  
  21  3:32  Probe (Chrono Boost)  
  22  3:46  Photon Cannon  
  22  3:47  Pylon  
  22  3:51  Cybernetics Core  
  22  4:05  Probe  
  23  4:17  Probe  
  23  4:22  Assimilator  
  24  4:30  Probe  
  25  4:34  Shield Battery  
  25  4:36  Photon Cannon  
  25  4:39  Probe  
  25  4:42  Probe  
  27  4:51  Probe  
  28  4:56  Stargate  
  28  5:01  Stargate  
  28  5:05  Shield Battery  
  28  5:07  Photon Cannon  
  28  5:10  Pylon  
  28  5:11  Probe  
  28  5:13  Probe  
  30  5:23  Probe  
  30  5:25  Probe  
  32  5:31  Void Ray (Chrono Boost)  
  32  5:35  Probe  
  32  5:36  Void Ray (Chrono Boost)  
Show
View Real Time Build Order
Export as new Build Order

iNPlein Terran 

Build Orders:  

Get SALT Encoding   

  12  0:00  SCV  
  13  0:12  SCV  
  14  0:24  SCV  
  14  0:27  Supply Depot  
  15  0:48  SCV  
  16  0:50  Barracks  
  16  0:51  Barracks  
  16  0:56  Refinery  
  16  1:04  Refinery  
  16  1:17  Barracks  
  16  1:20  SCV  
  17  1:32  SCV  
  18  1:38  Reaper  
  19  1:45  Reaper  
  20  1:55  SCV  
  20  1:57  Supply Depot  
  21  2:04  Reaper  
  22  2:10  Reaper  
  23  2:19  Reaper  
  24  2:36  Reaper  
  25  2:39  Orbital Command  
  25  2:42  Reaper  
  26  2:51  Reaper  
  27  2:56  Supply Depot  
  30  3:31  Factory  
  26  3:47  SCV  
  27  3:59  SCV  
  26  4:11  SCV  
  23  4:26  Factory Tech Lab  
  23  4:33  Factory  
  23  4:35  Starport  
  22  4:39  SCV  
  22  4:42  Engineering Bay  
  22  4:43  Command Center  
  23  4:47  Siege Tank  
  23  4:50  Marine x2  
  23  4:51  SCV  
  29  5:02  Bunker  
  29  5:04  SCV  
  30  5:09  Marine  
  30  5:10  Marine  
  30  5:11  Marine  
  33  5:15  Starport Reactor  
  33  5:18  Factory Tech Lab  
  33  5:25  Siege Tank  
  33  5:26  Marine  
  37  5:31  Supply Depot  
  37  5:35  Supply Depot  
  37  5:52  Siege Tank  
  37  5:53  Missile Turret  
  37  5:55  Missile Turret  
  37  5:57  Missile Turret  
  40  6:13  Siege Tank  
  46  6:26  Orbital Command  
  46  6:49  Supply Depot  
Tags
 
Add a new tag
Caveats
  • Supply blocks, unpowered buildings, or Contaminate may cause inaccurate times.
  • Supply counts are checked every 10 seconds.